 Dungeon Crawl Stone Soup version 0.20-a0-350-ga83eecc (webtiles) character file.

133 TheGoonsmith the Chiller (level 5, 0/24 HPs)
             Began as a Vine Stalker Ice Elementalist on Dec 24, 2016.
             Succumbed to an orc wizard's poison
             ... on level 3 of the Dungeon.
             The game lasted 00:07:09 (2298 turns).

TheGoonsmith the Chiller (VSIE)                     Turns: 2298, Time: 00:07:10

Health: 0/24       AC:  6    Str: 15    XL:     5   Next: 16%
Magic:  0/9        EV: 12    Int: 21    God:
Gold:   61         SH:  7    Dex: 15    Spells: 2/8 levels left

rFire  . . .     SeeInvis .     k - +0 mace
rCold  . . .     Gourm    .     a - +0 robe
rNeg   . . .     Faith    .     p - +2 buckler
rPois  .         Spirit   +     x - +2 hat
rElec  .         Reflect  .     (no cloak)
rCorr  .         Harm     .     f - +0 pair of gloves
MR     .....                    l - +0 pair of boots
Stlth  ++........               (no amulet)
                                (no ring)
                                (no ring)

@: mighty, brilliant, lethally poisoned (0 -> -10)
A: fangs 2, regeneration 1, magic shield, antimagic bite, no device heal 3, rot
immunity
a: no special abilities


You were on level 3 of the Dungeon.
You were hungry.

You visited 1 branch of the dungeon, and saw 3 of its levels.

You collected 61 gold pieces.

Inventory:

Hand Weapons
 d - a +0 club
 k - a +0 mace (weapon)
Missiles
 q - 16 poisoned needles
Armour
 a - a +0 robe (worn)
 f - a +0 pair of gloves (worn)
 l - a +0 pair of boots (worn)
 p - a +2 buckler (worn)
 x - a +2 hat (worn)
Jewellery
 m - a +1 ring of evasion
 u - an uncursed amulet of magic regeneration {unknown}
Scrolls
 e - 3 scrolls of identify
 i - 2 scrolls of enchant armour {unknown}
 n - a scroll of remove curse {unknown}
 o - a scroll of enchant weapon {unknown}
 v - a scroll of amnesia {unknown}
Potions
 h - a potion of heal wounds
Books
 b - a book of Frost

   Spells                             Type                      Level
   a - Freeze                         Ice                          1
   b - Throw Frost                    Conjuration/Ice              2
   c - Ozocubu's Armour               Charms/Ice                   3
   d - Throw Icicle                   Conjuration/Ice              4
   e - Summon Ice Beast               Ice/Summoning                4
Comestibles
 c - a bread ration
 j - a beef jerky
 s - 2 meat rations


   Skills:
 - Level 1.5 Dodging
 - Level 2.4 Stealth
 + Level 3.1 Shields
 - Level 2.1 Spellcasting
 - Level 1.0 Conjurations
 - Level 0.8 Charms
 - Level 4.1 Ice Magic


You had 2 spell levels left.
You knew the following spells:

 Your Spells              Type           Power        Failure   Level  Hunger
a - Freeze                Ice            ####         1%          1    #......
b - Throw Frost           Conj/Ice       ####..       1%          2    ##.....
c - Ozocubu's Armour      Chrm/Ice       ####....     2%          3    ###....


Dungeon Overview and Level Annotations

Branches:
Dungeon (3/15)

Altars:
Ru

Annotations:
D:3 Terence


Innate Abilities, Weirdness & Mutations

You have extremely sharp teeth.
Your natural rate of healing is unusually fast.
When hurt, damage is shared between your health and your magic reserves.
Your bite disrupts and absorbs the magic of your enemies.
Potions cannot restore your health.
You are immune to rotting.


Message History

You feel very sick. The frilled lizard barely misses you.
As you read the scroll labeled SAACUI YZOPH, it crumbles to dust.
It is a scroll of identify.
m - a +1 ring of evasion
* * * LOW HITPOINT WARNING * * *
You feel sick. The frilled lizard barely misses you.
* * * LOW HITPOINT WARNING * * *
You feel sick.
Terence shouts, "ATTACK!!!"
* * * LOW HITPOINT WARNING * * *
You feel sick.
Casting: Freeze
Confirm with . or Enter, or press ? or * to list all spells.
Aiming: Freeze
Press: ? - help, Shift-Dir - straight line, f - frilled lizard
Aim: a frilled lizard You freeze the frilled lizard.
You kill the frilled lizard!
You die...

...@<# #####.#...........#
###.#.############.#...........#
..................>#......######
#.##...)...........#......# ..
+....[....#####.#......# ..
#.........# #........####
..##.........# #...........#
.#...........#####...........#
............o@..@............#
...#........o#####.#.....#...###
.############# #.#....#.#....#
.......# #.#...#...#.#.#
######.# #.#..#.....#..#
.......# #.#..#.≈≈≈.#..#
#####..##### #.#..#≈.[.≈#..#
.†.........# #.#..#≈._.≈#.##
##.........# #.##.#≈...≈#.#


You could see Terence and 2 orcs.

Vanquished Creatures
  An orc wizard (D:3)
  2 adders
  3 oozes (D:2)
  2 worms (D:2)
  2 dart slugs
  4 leopard geckos
  An orc (D:3)
  5 giant cockroaches
  5 goblins
  5 hobgoblins
  3 jackals
  3 ball pythons (D:2)
  9 bats
  4 frilled lizards
  5 kobolds
  4 rats
58 creatures vanquished.

Notes
Turn   | Place    | Note
-------+----------+-------------------------------------------
     0 | D:1      | TheGoonsmith the Vine Stalker Ice Elementalist began the quest for the Orb.
     0 | D:1      | Reached XP level 1. HP: 9/9 MP: 4/4
   189 | D:1      | Reached XP level 2. HP: 11/13 MP: 0/6
   524 | D:1      | Reached skill level 4 in Ice Magic
   650 | D:1      | Reached XP level 3. HP: 16/16 MP: 5/7
   654 | D:1      | Learned a level 2 spell: Throw Frost
   658 | D:1      | Learned a level 3 spell: Ozocubu's Armour
  1024 | D:2      | Reached skill level 1 in Shields
  1176 | D:2      | Gained mutation: Your natural rate of healing is unusually fast. [Vine Stalker growth]
  1176 | D:2      | Reached XP level 4. HP: 7/21 MP: 0/8
  2038 | D:3      | Found a sacrificial altar of Ru.
  2273 | D:3      | Noticed Terence
  2293 | D:3      | Reached XP level 5. HP: 9/24 MP: 0/9
  2297 | D:3      | HP: 1/24 [poisoned by an orc wizard]
  2298 | D:3      | Succumbed to an orc wizard's poison

Vault maps used:
D:1:      dpeg_arrival_pits
D:2:      serial_bayou_pond_b
D:3:      nicolae_ru_awakened_eye, uniq_terence

Skill      XL: |  1  2  3  4 |
---------------+-------------+-----
Ice Magic      | 4 |  4.1
Shields        | 1 3 |  3.1
Dodging        | |  1.5
Stealth        | |  2.4
Spellcasting   | |  2.1
Conjurations   | |  1.0
Charms         | |  0.8

Action                   |  1- 3 |  4- 6 || total
-------------------------+-------+-------++-------
Melee: Club              |     5 |       ||     5
       Bite              |     5 |     2 ||     7
       Mace              |    23 |    12 ||    35
 Cast: Freeze            |    51 |    36 ||    87
  Use: Potion            |       |     4 ||     4
       Scroll            |       |     1 ||     1
 Stab: Sleeping          |     3 |       ||     3
       Distracted        |     1 |       ||     1
  Eat: Chunk             |     1 |     4 ||     5
Armor: Robe              |    16 |    14 ||    30
Dodge: Dodged            |    47 |    22 ||    69
Block: Buckler           |     8 |    12 ||    20
